 Dungeon Crawl Stone Soup version 0.28.0-45-g0d030f2227 (webtiles) character file.

Game seed: 74106338999090482

118 101zpm the Magician (level 5, 0/35 HPs)
             Began as a Djinni Hedge Wizard on Apr 10, 2022.
             Slain by a kobold
             ... wielding a +0 club
              (1 damage)
             ... on level 4 of the Dungeon.
             The game lasted 00:11:26 (2974 turns).

101zpm the Magician (Djinni Hedge Wizard)           Turns: 2974, Time: 00:11:28

Health: 0/35       AC:  2    Str:  9    XL:     5   Next: 23%
Gold:   134        EV: 12    Int: 23    God:
                   SH:  0    Dex: 13

rFire   + + .      SeeInvis .   a - +0 dagger
rCold   x . .      Faith    .   (no shield)
rNeg    . . .      Spirit   .   b - +0 robe
rPois   ∞          Reflect  .   c - +0 hat
rElec   .          Harm     .   (no cloak)
rCorr   .          Rampage  .   (no gloves)
Will    .....                   (boots unavailable)
Stlth   ++........              (no amulet)
HPRegen 0.11/turn               g - +6 ring of intelligence
MPRegen 0.00/turn               (no ring)

@: on blink cooldown, flying
A: sickness immunity, fire resistance 2, cold vulnerability 1, float, innate
caster, HP casting, extra vitality 1
a: no special abilities


You were on level 4 of the Dungeon.
You visited 1 branch of the dungeon, and saw 4 of its levels.

You collected 134 gold pieces.

Inventory:

Hand Weapons
 a - a +0 dagger (weapon)
Armour
 b - a +0 robe (worn)
 c - a +0 hat (worn)
Jewellery
 g - a +6 ring of intelligence (left hand)
Scrolls
 f - 4 scrolls of identify {unknown}
 h - a scroll of magic mapping {unknown}
 j - a scroll of noise {unknown}
 k - a scroll of holy word {unknown}
Potions
 d - a potion of curing
 e - a potion of ambrosia {unknown}
 i - a potion of attraction {unknown}


   Skills:
 + Level 2.7 Dodging
 + Level 2.1 Stealth
 + Level 3.9 Spellcasting


You couldn't memorise any spells.
You knew the following spells:

 Your Spells              Type           Power      Damage    Failure   Level
a - Magic Dart            Conj           88%        1d7       2%          1
b - Blink                 Tloc           44%        N/A       3%          2
c - Call Imp              Summ           22%        N/A       3%          2
d - Slow                  Hex            88%        N/A       2%          1
e - Conjure Flame         Conj/Fire      22%        6-21      6%          3
f - Mephitic Cloud        Conj/Pois/Air  22%        N/A       6%          3
g - Foxfire               Conj/Fire      88%        2x1d8     2%          1
h - Corpse Rot            Necr/Air       44%        N/A       3%          2
Your spell library was empty.

Dungeon Overview and Level Annotations

Branches:
Dungeon (4/15)
 Temple: D:4-7

Altars:

Annotations:
D:3 Robin


Innate Abilities, Weirdness & Mutations

You are immune to sickness and miasma.
You are immune to poison.
Your flesh is very heat resistant. (rF++)
You are vulnerable to cold. (rC-)
You float through the air rather than walking.
You learn spells naturally, not from books.
Your magical power is your life essence.
You have superior vitality. (+4 MHP)


Message History

Aim: a hound (ally target, chance to affect: 86%)
The ball explodes into a vile cloud!
The stinking cloud engulfs the hound but does no damage.
The stinking cloud engulfs your crimson imp but does no damage.
Your crimson imp is moderately wounded.
The stinking cloud engulfs you but does no damage.
You are engulfed in blazing flames.
You resist.
* * * LOW HITPOINT WARNING * * *
You feel stable enough to blink again.
Your crimson imp hits the hound.
The hound is engulfed in noxious fumes.
The hound appears confused.
The hound bites you.
* * * LOW HITPOINT WARNING * * *
The orc barely misses your crimson imp.
The hound is engulfed in noxious fumes.
The hound appears confused.
The hound is engulfed in noxious fumes.
The hound appears confused.
Your crimson imp hits the hound.
The hound is engulfed in blazing flames.
An orc comes into view. It is wielding a +0 flail.
The hound bites the orc but does no damage.
Your crimson imp barely misses the hound.
Your crimson imp hits the hound.
The orc closely misses you.
Your crimson imp hits the hound.
Your crimson imp blinks!
A kobold comes into view. It is wielding a +0 club.
Casting: Mephitic Cloud (dangerous; 6% risk of failure)
Confirm with . or Enter, or press ? or * to list all spells.
You blink.
Found an escape hatch in the floor.
The kobold shouts!
* * * LOW HITPOINT WARNING * * *
You hear a shout!
The kobold closely misses you.
Casting: Blink (safe; 3% risk of failure)
Confirm with . or Enter, or press ? or * to list all spells.
Aiming: Magic Dart (safe; 2% risk of failure)
Press: ? - help, Shift-Dir - straight line, f - kobold
Aim: a kobold, wielding a +0 club (100% to hit)
The magic dart hits the kobold but does no damage.
* * * LOW HITPOINT WARNING * * *
The kobold hits you with a +0 club.
You die...

#..(....<. .....##..
....#.#. #.##.##.
#.#..... # #.......
#.#.# ###########.....
......###....o...o......
#>...K@..###########.#.
########## ##.. ### #


You could see an orc and a kobold.

Vanquished Creatures
  A jelly (D:4)
  4 adders
  2 worms
  A dart slug (D:2)
  6 ball pythons
  4 bats
  4 endoplasms
  A giant cockroach (D:2)
  2 hobgoblins
  3 kobolds
  3 quokkas
  2 frilled lizards
  5 goblins
  4 rats
42 creatures vanquished.

Vanquished Creatures (collateral kills)
  A rat (D:3)
1 creature vanquished.

Vanquished Creatures (others)
  9 foxfires (D:3)
  A plant (D:3)
10 creatures vanquished.

Grand Total: 53 creatures vanquished

Notes
Turn   | Place    | Note
-------+----------+-------------------------------------------
     0 | D:1      | 101zpm the Djinni Hedge Wizard began the quest for the Orb.
     0 | D:1      | Reached XP level 1. HP: 15/15 MP: 0/0
   283 | D:1      | Reached XP level 2. HP: 19/21 MP: 0/0
  1050 | D:2      | Reached skill level 3 in Spellcasting
  1050 | D:2      | Reached XP level 3. HP: 21/25 MP: 0/0
  1050 | D:2      | Learned a level 1 spell: Foxfire
  1673 | D:2      | Found a faded altar of an unknown god.
  1742 | D:2      | Reached XP level 4. HP: 27/31 MP: 0/0
  2524 | D:3      | Noticed Robin
  2893 | D:4      | Reached XP level 5. HP: 31/35 MP: 0/0
  2893 | D:4      | Learned a level 2 spell: Corpse Rot
  2974 | D:4      | Slain by a kobold

Illustrated notes

Levels and vault maps discovered:
D:1:      onia_arrival_pentagram, layout_basic
D:2:      layout_loops_ring, hellmonk_ecumenical_altar_pennies_from_heaven,
          st_stairs_7, kennysheep_generic_room_4
D:3:      layout_basic, serial_bayou_pond_c, uniq_robin, uniq_jessica
D:4:      layout_loops_ring, nicolae_ossuary_entry_catacombs

Skill      XL: |  1  2  3  4 |
---------------+-------------+-----
Spellcasting   | 3 |  3.9
Stealth        | 2 |  2.1
Dodging        | |  2.7

Action                   |  1- 3 |  4- 6 || total
-------------------------+-------+-------++-------
 Cast: Magic Dart        |    58 |    47 ||   105
       Call Imp          |       |     8 ||     8
       Foxfire           |       |     5 ||     5
       Blink             |       |     3 ||     3
       Conjure Flame     |       |     2 ||     2
       Mephitic Cloud    |       |     1 ||     1
Armor: Robe              |       |     2 ||     2
Dodge: Dodged            |     4 |     7 ||    11
